 Dungeon Crawl Stone Soup version 0.15.0-25-gd84c1e8 (webtiles) character file.

62064 MackTheKnife the Unseen (level 15, -2/84 HPs)
             Began as a Vine Stalker Assassin on Sept 9, 2014.
             Was the Champion of Dithmenos.
             Slain by a vampire knight
             ... wielding a +1 great sword of flaming
              (10 damage)
             ... on Level 14 of the Dungeon on Sept 10, 2014.
             The game lasted 01:14:05 (21111 turns).

MackTheKnife the Unseen (Vine Stalker Assassin)    Turns: 21111, Time: 01:14:05

HP  -2/84        AC 11     Str 14      XL: 15   Next:  5%
MP   0/34        EV 30     Int 17      God: Dithmenos [******]
Gold 1415        SH  0     Dex 22      Spells:  3 memorised,  4 levels left

rFire  . . .     SeeInvis +     a - +6 quick blade
rCold  . . .     Clarity  .     L - +3 leather armour
rNeg   + + .     rCorr    .     (no shield)
rPois  +         rRot     +     (no helmet)
rElec  .         Spirit   +     Y - +2 cloak of the Thief {+Fog Slay-2 SInv Stlth+}
SustAb .         Warding  +     p - +0 pair of gloves
rMut   .         Stasis   .     P - +0 pair of boots of Dyspraxia {+Inv rPois rN+ Int-4 SInv}
Gourm  .                        i - macabre finger necklace {Ward rN+}
MR     +....                    O - ring of magical power
                                D - +5 ring of intelligence
                                v - +4 ring of evasion

@: agile, wreathed by umbra, somewhat resistant to hostile enchantments,
uncannily stealthy
A: fangs 3, regeneration 3, magic shield, antimagic bite, no device heal 3, rot
immunity
a: Shadow Step, Shadow Form, Renounce Religion, Evoke Fog, Evoke Invisibility


You were on level 14 of the Dungeon.
You worshipped Dithmenos.
Dithmenos was exalted by your worship.
You were hungry.

You visited 3 branches of the dungeon, and saw 23 of its levels.
You also visited: Labyrinth and Ice Cave.

You collected 1415 gold pieces.


Innate Abilities, Weirdness & Mutations

You have razor-sharp teeth.
You regenerate.
When hurt, damage is shared between your health and your magic reserves.
Your bite disrupts and absorbs the magic of your enemies.
Potions and wands cannot restore your health.
You are immune to rotting.


   Skills:
 - Level 12.0 Fighting
 - Level 8.5 Short Blades
 - Level 1.7 Throwing
 - Level 10.2 Dodging
 - Level 18.0 Stealth
 - Level 7.0 Charms
 - Level 4.4 Air Magic
 + Level 4.4 Evocations


You had 4 spell levels left.
You knew the following spells:

 Your Spells              Type           Power        Failure   Level  Hunger
d - Repel Missiles        Chrm/Air       ###...       3%          2    ###....
h - Haste                 Chrm           ###.....     99%         6    #######
s - Swiftness             Chrm/Air       ###.....     3%          2    ###....

Inventory:

Hand weapons
 a - a +6 quick blade (weapon)
Armour
 p - a +0 pair of gloves (worn)
 L - a +3 leather armour (worn)
 P - the +0 pair of boots of Dyspraxia (worn) {+Inv rPois rN+ Int-4 SInv}
   (You found it on level 8 of the Dungeon)

   It affects your intelligence (-4).
   It protects you from poison.
   It protects you from negative energy.
   It enhances your eyesight.
   It lets you turn invisible.
 Q - the +3 robe of Clouds {+Fly rElec}
   (You took it off a minotaur in a labyrinth)

   It insulates you from electricity.
   It lets you fly.
 Y - the +2 cloak of the Thief (worn) {+Fog Slay-2 SInv Stlth+}
   (You found it in a labyrinth)

   It affects your accuracy and damage with ranged weapons and melee attacks
   (-2).
   It enhances your eyesight.
   It can be evoked to emit clouds of fog.
   It makes you more stealthy.
Magical devices
 l - a wand of digging (6)
 x - a wand of digging (14)
 y - a wand of digging (23)
Comestibles
 g - 16 bread rations
 o - 5 slices of pizza
 r - 3 royal jellies (quivered)
 t - 11 meat rations
 C - 8 beef jerkies
Scrolls
 j - 3 scrolls of remove curse
 k - 2 scrolls of fog
 m - 5 scrolls of identify
 F - 4 scrolls of enchant armour
 G - 2 scrolls of blinking
 H - a scroll of fear
 J - 5 scrolls of teleportation
 K - 2 scrolls of amnesia
 S - 3 scrolls of magic mapping
 T - 4 scrolls of recharging
 U - a scroll of silence
 X - a scroll of vulnerability
Jewellery
 i - the macabre finger necklace (around neck) {Ward rN+}
   (You found it in an ice cave)

   [amulet of warding]

   It may prevent the melee attacks of summoned creatures.
   It protects you from negative energy.
 v - a +4 ring of evasion (on amulet)
 D - a +5 ring of intelligence (left hand)
 E - a cursed ring of protection from cold
 O - a ring of magical power (right hand)
 R - a +2 ring of evasion
Potions
 h - a potion of porridge
 q - a potion of agility
 s - 2 potions of restore abilities
 u - 2 potions of magic
 w - a potion of invisibility
 z - a potion of haste
 A - a potion of berserk rage
 B - 5 potions of curing
 N - a potion of resistance
 W - 2 potions of mutation {!q}
Books
 b - a book of Wizardry

   Spells                             Type                      Level
   Agony                              Necromancy                   5
   Force Lance                        Conjuration                  5
   Dispersal                          Translocation                6
   *Haste                             Charms                       6
   Invisibility                       Hexes                        6
   Spellforged Servitor               Conjuration/Summoning        7
 e - the Volume of Calling
   (You found it in a labyrinth)

   Spells                             Type                      Level
   Summon Butterflies                 Summoning                    1
   Call Canine Familiar               Summoning                    3
   Monstrous Menagerie                Summoning                    6
   Dragon's Call                      Summoning                    9
 n - a book of the Warp

   Spells                             Type                      Level
   Control Teleport                   Charms/Translocation         4
   Phase Shift                        Translocation                5
   Warp Weapon                        Charms/Translocation         5
   Dispersal                          Translocation                6
   Controlled Blink                   Translocation                7
   Disjunction                        Translocation                8
 M - a book of Maledictions

   Spells                             Type                      Level
   Corona                             Hexes                        1
   Sure Blade                         Hexes/Charms                 2
   Ensorcelled Hibernation            Hexes/Ice                    2
   Confuse                            Hexes                        3
   Dazzling Spray                     Conjuration/Hexes            3
   Enslavement                        Hexes                        4
 V - a book of Air

   Spells                             Type                      Level
   Shock                              Conjuration/Air              1
   *Swiftness                         Charms/Air                   2
   *Repel Missiles                    Charms/Air                   2
   Flight                             Charms/Air                   3
   Static Discharge                   Conjuration/Air              3
   Lightning Bolt                     Conjuration/Air              5
Magical staves
 c - an uncursed staff of wizardry {!a}

◦◦◦◦◦◦>◦◦◦◦◦◦≈≈◦◦░░◦◦░░◦◦░▒··▒▒··
░░░░░░░░░░◦◦◦≈≈◦░▒◦◦░░◦◦◦░▒▒··▒▒·
░ ░◦◦░≈≈▒▒·◦░░░◦◦[░░▒▒··▒▒ ░
░◦◦░≈≈▒··░░░▒▒'▒░◦░▒▒'▒▒ ░░
░◦◦◦≈≈▒·▒░◦·····░◦░░▒··▒ ◦░░
░◦◦◦≈≈▒·▒▒······▒+░◦▒··▒ ◦◦░░░░░
░◦◦◦≈≈▒ZZ····_·P'◦◦>▒··' ◦◦◦◦◦◦░
░░◦◦≈≈▒V▒▒·Z····▒+░◦▒··▒ ◦◦◦◦◦◦░
░░◦≈≈▒f▒▒◦··V··░◦░░▒··▒ ░◦◦◦◦◦░
░░≈≈▒··▒▒░▒▒▒▒░◦░▒▒'▒▒ ░░◦◦◦░░
░≈≈▒▒··▒▒ ░░▒▒··▒░ ░░◦◦░░
░≈≈◦▒▒··▒▒ ▒▒··▒▒◦ ░◦◦◦░
░░≈≈◦◦▒▒··▒▒ ▒▒··▒▒◦◦ ░◦◦░░
░◦≈≈◦◦◦▒▒··▒▒▒▒··▒▒◦◦◦ ◦◦◦░
░◦≈≈≈◦◦◦▒▒···!··▒▒◦◦◦≈ ◦◦░░
░░◦◦≈≈≈◦◦◦▒▒▒▒▒▒▒▒◦◦◦≈≈ ◦◦░
░░◦░◦◦≈≈≈≈≈≈≈≈≈≈≈≈≈≈≈≈≈≈


You could see a vampire knight and 2 human zombies.


Message History

You hit the vampire knight. You bite the vampire knight!!
The vampire knight's magic leaks into the air.
You drain its magic.
You feel invigorated.
The vampire knight is moderately damaged.
You barely miss the vampire knight.
You bite the vampire knight, but do no damage.
The vampire knight is moderately damaged.
You hit the vampire knight.
The vampire knight is heavily damaged.
The vampire knight misses you. The vampire knight bites you!
* * * LOW HITPOINT WARNING * * *
You barely miss the vampire knight.
You bite the vampire knight, but do no damage.
The vampire knight is heavily damaged.
You barely miss the vampire knight.
The vampire knight is heavily damaged.
You hit the vampire knight but do no damage.
You bite the vampire knight, but do no damage.
The vampire knight is heavily damaged.
You are feeling hungry.
You hit the vampire knight but do no damage.
You bite the vampire knight, but do no damage.
The vampire knight is heavily damaged.
You hit the vampire knight but do no damage.
You bite the vampire knight, but do no damage.
The vampire knight is heavily damaged.
The vampire knight hits you with a great sword of flaming!!!
* * * LOW HITPOINT WARNING * * *
The vampire knight burns you!!
You die...

Action                   |  1- 3 |  4- 6 |  7- 9 | 10-12 | 13-15 || total
-------------------------+-------+-------+-------+-------+-------++-------
Melee: Dagger            |    88 |   168 |   319 |  1112 |    84 ||  1771
       Quick blade       |       |       |       |       |  1532 ||  1532
 Fire: Blowgun           |     6 |     5 |       |     6 |     9 ||    26
 Cast: Swiftness         |       |       |       |     3 |     1 ||     4
Invok: Shadow Step       |       |       |       |     6 |     1 ||     7
Evoke: Wand              |       |     6 |     3 |     3 |     7 ||    19
  Use: Scroll            |     1 |     6 |    11 |    12 |    14 ||    44
       Potion            |       |     2 |     2 |    13 |     4 ||    21
 Stab: Sleeping          |     8 |     8 |    28 |    85 |    62 ||   191
       Distracted        |     1 |       |     3 |     5 |     5 ||    14
  Eat: Chunk             |     1 |     7 |     8 |    19 |    17 ||    52
       Bread ration      |       |       |     1 |     1 |     1 ||     3

Vault maps used:
D:1:      minmay_arrival_shattered_statue
D:2:      serial_forest, infiniplex_forest_diagonal,
          infiniplex_forest_clump_diagonal, infiniplex_forest_lined_3_way,
          infiniplex_forest_straight_2, infiniplex_forest_diagonal,
          infiniplex_forest_straight_4, infiniplex_forest_zigzag_1, st_stairs_5,
          corexii_item_surrounded_by_moat
D:4:      minmay_temple_entry_junction, first_bread
D:5:      nicolae_overflow_hidden_temple
D:7:      the_bakery
D:8:      lemuel_doored_altar, amethyst_srp_altar, uniq_eustachio, uniq_pikel
D:9:      lemuel_crystal_altar, david_orc_2, uniq_edmund
D:10:     dpeg_oklobed_lair
D:12:     uniq_sonja
D:13:     lemuel_troll_bridge, grunt_vaults_entry_fortified, basic_altar,
          xom_teletrap_fun
D:14:     lemuel_vampire_tower, lab_entry_generic, serial_bayou_pond_a,
          kennysheep_generic_room_13
Temple:   water_room_temple_b_12
Lair:2:   grunt_forest_stairs_basic
Lair:3:   nicolae_spider_entry_orb_guardian, serial_bayou_pond_a,
          infiniplex_staircase_pool
Lair:4:   st_stairs_4
Lair:5:   portal_ice_cave_entry_ice_beasts, grunt_forest_small_clearing_treed
Lair:6:   swamp_mist
Lair:7:   infiniplex_staircase_pool_2, grunt_megastairs_1
Lair:8:   grunt_lair_end_beastmaster, dpeg_slime_entry_corner, uniq_rupert
Lab:      labyrinth_spiral, nicolae_lab_grate, labyrinth_skeletal_remains
IceCv:    ice_cave_statue_garden_01

Notes
Turn   | Place    | Note
--------------------------------------------------------------
     0 | D:1      | MackTheKnife, the Vine Stalker Assassin, began the quest for the Orb.
     0 | D:1      | Reached XP level 1. HP: 11/11 MP: 1/1
    96 | D:1      | Reached skill level 5 in Stealth
   119 | D:1      | Reached skill level 2 in Short Blades
   217 | D:1      | Reached XP level 2. HP: 15/15 MP: 3/3
   584 | D:1      | Reached XP level 3. HP: 15/18 MP: 1/4
  1471 | D:2      | Reached skill level 3 in Short Blades
  1471 | D:2      | Reached XP level 4. HP: 16/23 MP: 3/5
  1689 | D:3      | Noticed an ice beast
  1878 | D:3      | Reached skill level 6 in Stealth
  2054 | D:3      | Reached XP level 5. HP: 19/26 MP: 7/7
  2325 | D:4      | Noticed an ogre
  2357 | D:4      | Killed an ogre
  2357 | D:4      | Reached skill level 4 in Short Blades
  2357 | D:4      | Reached skill level 7 in Stealth
  2556 | D:4      | Noticed chipmonk's ghost (average GrFi)
  2701 | D:4      | Gained mutation: You heal very quickly. [vine stalker growth]
  2701 | D:4      | Reached XP level 6. HP: 13/30 MP: 8/8
  3072 | D:4      | Found a staircase to the Ecumenical Temple.
  3167 | Temple   | Entered the Ecumenical Temple
  3185 | Temple   | Became a worshipper of Dithmenos the Shadowed
  3475 | D:5      | Entered Level 5 of the Dungeon
  3570 | D:5      | Learned a level 2 spell: Swiftness
  3667 | D:5      | Reached skill level 5 in Short Blades
  3667 | D:5      | Reached skill level 8 in Stealth
  3667 | D:5      | Reached XP level 7. HP: 5/34 MP: 7/9
  4203 | D:5      | Found a glowing golden altar of the Shining One.
  4204 | D:5      | Found a sparkling altar of Nemelex Xobeh.
  4205 | D:5      | Found a deep blue altar of Sif Muna.
  4901 | D:6      | Reached skill level 9 in Stealth
  5170 | D:6      | Reached skill level 6 in Short Blades
  5170 | D:6      | Gained mutation: You have razor-sharp teeth. [vine stalker growth]
  5170 | D:6      | Reached XP level 8. HP: 38/38 MP: 11/11
  5377 | D:7      | Reached skill level 10 in Stealth
  5592 | D:7      | Reached skill level 7 in Short Blades
  5925 | D:8      | Found a blossoming altar of Fedhas.
  5932 | D:8      | Noticed Eustachio
  5961 | D:8      | Killed Eustachio
  5961 | D:8      | Reached skill level 11 in Stealth
  6043 | D:8      | Reached XP level 9. HP: 21/42 MP: 8/12
  6297 | D:8      | Found a glowing silver altar of Zin.
  6365 | D:8      | Got a pair of polished boots
  6369 | D:8      | Identified the +0 pair of boots of Dyspraxia {+Inv rPois rN+ Int-4 SInv} (You found it on level 8 of the Dungeon)
  6439 | D:8      | Noticed Pikel
  6482 | D:8      | Killed Pikel
  6482 | D:8      | Reached skill level 8 in Short Blades
  6482 | D:8      | Reached skill level 12 in Stealth
  6803 | D:9      | Reached skill level 1 in Charms
  6908 | D:9      | Found a stormy altar of Qazlal.
  6937 | D:9      | Reached skill level 2 in Charms
  7072 | D:9      | Noticed Edmund
  7095 | D:9      | Killed Edmund
  7095 | D:9      | Reached skill level 13 in Stealth
  7163 | D:9      | Reached skill level 3 in Charms
  7163 | D:9      | Reached XP level 10. HP: 46/46 MP: 13/13
  7287 | D:9      | Found a staircase to the Orcish Mines.
  7309 | D:9      | Acquired Dithmenos' first power
  7935 | D:9      | Reached skill level 4 in Charms
  8082 | D:10     | Entered Level 10 of the Dungeon
  8133 | D:10     | Noticed a red ugly thing
  8138 | D:10     | Killed a red ugly thing
  8139 | D:10     | Reached skill level 14 in Stealth
  8152 | D:10     | Reached skill level 5 in Charms
  8152 | D:10     | Reached skill level 1 in Air Magic
  8279 | D:10     | Reached skill level 2 in Air Magic
  8450 | D:10     | Found a staircase to the Lair.
  8451 | D:10     | Noticed an oklob plant
  8461 | D:10     | Killed an oklob plant
  8461 | D:10     | Reached skill level 6 in Charms
  8461 | D:10     | Reached skill level 3 in Air Magic
  8522 | D:10     | Acquired Dithmenos' second power
  8809 | Lair:1   | Entered Level 1 of the Lair of Beasts
  8825 | Lair:1   | Reached skill level 4 in Air Magic
  8855 | Lair:1   | Noticed acidapple's ghost (powerful HOFi)
  9004 | Lair:1   | Reached skill level 7 in Charms
  9019 | Lair:1   | Reached XP level 11. HP: 50/50 MP: 15/15
  9046 | Lair:1   | Reached skill level 2 in Fighting
  9135 | Lair:1   | Reached skill level 3 in Fighting
  9358 | Lair:2   | Reached skill level 4 in Fighting
  9689 | Lair:2   | Reached skill level 5 in Fighting
 10062 | Lair:2   | Reached skill level 6 in Fighting
 10069 | Lair:2   | Acquired Dithmenos' third power
 10607 | Lair:3   | Reached skill level 7 in Fighting
 10864 | Lair:3   | Reached skill level 8 in Fighting
 10907 | Lair:3   | Reached skill level 1 in Dodging
 11026 | Lair:3   | Found a hole to the Spider Nest.
 11026 | Lair:3   | Noticed an orb spider
 11079 | Lair:3   | Reached skill level 2 in Dodging
 11552 | Lair:3   | Reached skill level 3 in Dodging
 11745 | Lair:4   | Gained mutation: You regenerate. [vine stalker growth]
 11745 | Lair:4   | Reached XP level 12. HP: 64/64 MP: 16/16
 11748 | Lair:4   | Reached skill level 4 in Dodging
 11838 | Lair:4   | Noticed hackum's ghost (powerful HaFi)
 11988 | Lair:4   | Reached skill level 5 in Dodging
 12189 | Lair:4   | Identified the Volume of Damaging Intoxication (You found it on level 4 of the Lair of Beasts)
 12970 | Lair:5   | Found a frozen archway.
 13029 | Lair:5   | Reached skill level 6 in Dodging
 13080 | IceCv    | Entered an ice cave
 13229 | IceCv    | Reached skill level 7 in Dodging
 13682 | Lair:5   | Reached skill level 8 in Dodging
 14103 | Lair:6   | Noticed a seven-headed hydra
 14110 | Lair:6   | Killed a seven-headed hydra
 14188 | Lair:6   | Found a staircase to the Swamp.
 14230 | Lair:6   | Reached skill level 15 in Stealth
 14437 | Lair:7   | Noticed a four-headed hydra
 14643 | Lair:7   | Reached XP level 13. HP: 68/68 MP: 17/17
 14733 | Lair:7   | Reached skill level 16 in Stealth
 14782 | Lair:7   | Identified a scroll of acquirement
 15022 | Lair:7   | Killed a four-headed hydra
 15118 | Lair:8   | Entered Level 8 of the Lair of Beasts
 15125 | Lair:8   | Reached skill level 17 in Stealth
 15499 | Lair:8   | Reached skill level 18 in Stealth
 15590 | Lair:8   | Acquired Dithmenos' fourth power
 15764 | Lair:8   | Reached skill level 9 in Fighting
 15835 | Lair:8   | Noticed Rupert
 16249 | Lair:8   | Reached skill level 10 in Fighting
 16319 | Lair:8   | Reached XP level 14. HP: 64/77 MP: 18/18
 16475 | Lair:8   | Reached skill level 11 in Fighting
 16531 | Lair:8   | Noticed a dire elephant
 16606 | Lair:8   | HP: 6/79 [dire elephant (29)]
 16877 | Lair:8   | Killed a dire elephant
 18161 | D:11     | Reached skill level 12 in Fighting
 18763 | D:12     | Noticed Sonja
 18786 | D:12     | Killed Sonja
 18786 | D:12     | Reached skill level 9 in Dodging
 19267 | D:13     | Learned a level 2 spell: Repel Missiles
 19422 | D:13     | Found a basalt altar of Yredelemnul.
 19429 | D:13     | Found a shimmering altar of Xom.
 19902 | D:14     | Found a labyrinth entrance.
 19910 | Lab      | Entered a labyrinth
 20498 | Lab      | Reached skill level 10 in Dodging
 20561 | Lab      | Got a warped garnet amulet
 20561 | Lab      | Identified the Volume of Calling (You found it in a labyrinth)
 20562 | Lab      | Identified the amulet of Fuel {Inacc rPois Dex+4} (You found it in a labyrinth)
 20710 | D:14     | Reached skill level 1 in Evocations
 20780 | D:14     | Reached skill level 2 in Evocations
 20847 | D:14     | Reached skill level 3 in Evocations
 20918 | D:14     | Reached XP level 15. HP: 84/84 MP: 23/23
 20961 | D:14     | Learned a level 6 spell: Haste
 20998 | D:14     | Found an ancient bone altar of Kikubaaqudgha.
 21023 | D:14     | Reached skill level 4 in Evocations
 21111 | D:14     | HP: 8/84 [vampire knight/great sword of flaming (19)]
 21111 | D:14     | Slain by a vampire knight

Vanquished Creatures
  A dire elephant (Lair:8)
  A minotaur (Lab)
  3 hydras
  A centaur warrior (D:14)
  A deep troll shaman (Lair:8)
  9 death yaks (Lair:8)
  A vampire mage (D:14)
  A catoblepas (Lair:8)
  An unseen horror (D:14)
  2 ice statues (IceCv)
  Pikel (D:8)
  A hill giant (D:11)
  An ugly thing (D:10)
  A cyclops (D:11)
  A red wasp (shapeshifter) (D:13)
  10 elephants (Lair:8)
  A griffon (Lair:4)
  2 oklob plants
  10 spiny frogs
  A gargoyle (D:10)
  3 black mambas (Lair:7)
  6 kobold demonologists
  5 komodo dragons
  11 trolls
  Sonja (D:12)
  A polar bear (Lair:7)
  3 fire drakes
  A two-headed ogre (D:12)
  20 blink frogs
  6 slime creatures (D:14)
  3 basilisks
  A trapdoor spider (D:12)
  A spriggan (D:7)
  40 yaks
  3 deep elf magi
  6 flying skulls (D:14)
  A shadow (D:13)
  2 wyverns
  6 vampires (D:14)
  A water elemental (D:13)
  A wraith (D:12)
  Eustachio (D:8)
  13 hippogriffs
  10 wolves
  2 hungry ghosts
  A tengu zombie (D:11)
  Edmund (D:9)
  A soldier ant (D:13)
  18 porcupines
  17 water moccasins
  19 ice beasts
  6 ogres
  3 black bears (Lair:8)
  A yellow wasp (D:12)
  3 orc warriors
  20 centaurs
  2 necrophages
  14 crocodiles
  3 big kobolds
  14 giant frogs
  2 eyes of draining (D:11)
  A water moccasin zombie (D:9)
  9 killer bees
  5 scorpions
  A cyclops skeleton (D:14)
  2 electric eels
  3 troll skeletons
  6 crimson imps
  17 hounds
  A goliath beetle (D:7)
  7 human zombies (D:14)
  A giant frog skeleton (D:12)
  2 centaur skeletons
  5 orc priests
  7 iguanas
  A kobold skeleton (D:14)
  7 orc wizards
  11 sheep (Lair:5)
  4 worker ants
  A big kobold zombie (D:10)
  3 ogre skeletons
  A hound zombie (D:10)
  A mummy (D:11)
  22 adders
  7 gnolls (D:6)
  53 green rats
  2 worms
  A goliath beetle zombie (D:6)
  3 shadow imps
  An adder zombie (D:5)
  An adder skeleton (D:4)
  An iguana skeleton (D:4)
  4 giant geckos
  2 oozes
  34 orcs
  14 hobgoblins
  9 jackals
  11 quokkas
  12 bats
  A giant cockroach (D:3)
  A gnoll skeleton (D:7)
  9 goblins
  28 kobolds
  2 kobold zombies
  16 rats
  4 ballistomycetes (D:11)
  A plant (D:10)
658 creatures vanquished.

Vanquished Creatures (others)
  An orc (D:12)
  2 giant spores
  5 fungi (Lair:8)
8 creatures vanquished.

Grand Total: 666 creatures vanquished
